Workbook

Sheet Planner
A1: Inventory and cash planner
A2: Work out the reorder point, weeks to sell and the cash gap.
A3: Yellow cells are yours to fill, the rest is calculated. The numbers already in the file are illustrative examples that explain the method, not market numbers.
A5: Item | B5: Value | C5: Note
A6: Order quantity | B6: 600
A7: Landed cost per piece | B7: 16
A8: Selling price | B8: 50
A9: Expected weekly sales | B9: 30 | C9: Cautiously
A10: Lead time (weeks) | B10: 6
A11: Safety stock (weeks) | B11: 2
A12: Cash before the order | B12: 12000
A13: Weekly marketing and running costs | B13: 150
A15: Results
A16: Order cost | B16: =B6*B7
A17: Weeks to sell the order | B17: =IFERROR(B6/B9,"")
A18: Reorder point (pieces) | B18: =(B10+B11)*B9
A19: Cash after paying for the order | B19: =B12-B16

Sheet 26 weeks
A1: 26 week simulation
A2: Weekly stock and cash with no reorder, so you see when stock runs out and cash recovers.
A4: Week | B4: Opening stock | C4: Sales | D4: Closing stock | E4: Cash balance | F4: Alert
A5: 1 | B5: ='Planner'!B6 | C5: =MIN(B5,'Planner'!B9) | D5: =B5-C5 | E5: ='Planner'!B19+C5*'Planner'!B8-'Planner'!B13 | F5: =IF(D5<='Planner'!B18,"At the reorder point","")
A6: 2 | B6: =D5 | C6: =MIN(B6,'Planner'!B9) | D6: =B6-C6 | E6: =E5+C6*'Planner'!B8-'Planner'!B13 | F6: =IF(D6<='Planner'!B18,"At the reorder point","")
A7: 3 | B7: =D6 | C7: =MIN(B7,'Planner'!B9) | D7: =B7-C7 | E7: =E6+C7*'Planner'!B8-'Planner'!B13 | F7: =IF(D7<='Planner'!B18,"At the reorder point","")
A8: 4 | B8: =D7 | C8: =MIN(B8,'Planner'!B9) | D8: =B8-C8 | E8: =E7+C8*'Planner'!B8-'Planner'!B13 | F8: =IF(D8<='Planner'!B18,"At the reorder point","")
A9: 5 | B9: =D8 | C9: =MIN(B9,'Planner'!B9) | D9: =B9-C9 | E9: =E8+C9*'Planner'!B8-'Planner'!B13 | F9: =IF(D9<='Planner'!B18,"At the reorder point","")
A10: 6 | B10: =D9 | C10: =MIN(B10,'Planner'!B9) | D10: =B10-C10 | E10: =E9+C10*'Planner'!B8-'Planner'!B13 | F10: =IF(D10<='Planner'!B18,"At the reorder point","")
A11: 7 | B11: =D10 | C11: =MIN(B11,'Planner'!B9) | D11: =B11-C11 | E11: =E10+C11*'Planner'!B8-'Planner'!B13 | F11: =IF(D11<='Planner'!B18,"At the reorder point","")
A12: 8 | B12: =D11 | C12: =MIN(B12,'Planner'!B9) | D12: =B12-C12 | E12: =E11+C12*'Planner'!B8-'Planner'!B13 | F12: =IF(D12<='Planner'!B18,"At the reorder point","")
A13: 9 | B13: =D12 | C13: =MIN(B13,'Planner'!B9) | D13: =B13-C13 | E13: =E12+C13*'Planner'!B8-'Planner'!B13 | F13: =IF(D13<='Planner'!B18,"At the reorder point","")
A14: 10 | B14: =D13 | C14: =MIN(B14,'Planner'!B9) | D14: =B14-C14 | E14: =E13+C14*'Planner'!B8-'Planner'!B13 | F14: =IF(D14<='Planner'!B18,"At the reorder point","")
A15: 11 | B15: =D14 | C15: =MIN(B15,'Planner'!B9) | D15: =B15-C15 | E15: =E14+C15*'Planner'!B8-'Planner'!B13 | F15: =IF(D15<='Planner'!B18,"At the reorder point","")
A16: 12 | B16: =D15 | C16: =MIN(B16,'Planner'!B9) | D16: =B16-C16 | E16: =E15+C16*'Planner'!B8-'Planner'!B13 | F16: =IF(D16<='Planner'!B18,"At the reorder point","")
A17: 13 | B17: =D16 | C17: =MIN(B17,'Planner'!B9) | D17: =B17-C17 | E17: =E16+C17*'Planner'!B8-'Planner'!B13 | F17: =IF(D17<='Planner'!B18,"At the reorder point","")
A18: 14 | B18: =D17 | C18: =MIN(B18,'Planner'!B9) | D18: =B18-C18 | E18: =E17+C18*'Planner'!B8-'Planner'!B13 | F18: =IF(D18<='Planner'!B18,"At the reorder point","")
A19: 15 | B19: =D18 | C19: =MIN(B19,'Planner'!B9) | D19: =B19-C19 | E19: =E18+C19*'Planner'!B8-'Planner'!B13 | F19: =IF(D19<='Planner'!B18,"At the reorder point","")
A20: 16 | B20: =D19 | C20: =MIN(B20,'Planner'!B9) | D20: =B20-C20 | E20: =E19+C20*'Planner'!B8-'Planner'!B13 | F20: =IF(D20<='Planner'!B18,"At the reorder point","")
A21: 17 | B21: =D20 | C21: =MIN(B21,'Planner'!B9) | D21: =B21-C21 | E21: =E20+C21*'Planner'!B8-'Planner'!B13 | F21: =IF(D21<='Planner'!B18,"At the reorder point","")
A22: 18 | B22: =D21 | C22: =MIN(B22,'Planner'!B9) | D22: =B22-C22 | E22: =E21+C22*'Planner'!B8-'Planner'!B13 | F22: =IF(D22<='Planner'!B18,"At the reorder point","")
A23: 19 | B23: =D22 | C23: =MIN(B23,'Planner'!B9) | D23: =B23-C23 | E23: =E22+C23*'Planner'!B8-'Planner'!B13 | F23: =IF(D23<='Planner'!B18,"At the reorder point","")
A24: 20 | B24: =D23 | C24: =MIN(B24,'Planner'!B9) | D24: =B24-C24 | E24: =E23+C24*'Planner'!B8-'Planner'!B13 | F24: =IF(D24<='Planner'!B18,"At the reorder point","")
A25: 21 | B25: =D24 | C25: =MIN(B25,'Planner'!B9) | D25: =B25-C25 | E25: =E24+C25*'Planner'!B8-'Planner'!B13 | F25: =IF(D25<='Planner'!B18,"At the reorder point","")
A26: 22 | B26: =D25 | C26: =MIN(B26,'Planner'!B9) | D26: =B26-C26 | E26: =E25+C26*'Planner'!B8-'Planner'!B13 | F26: =IF(D26<='Planner'!B18,"At the reorder point","")
A27: 23 | B27: =D26 | C27: =MIN(B27,'Planner'!B9) | D27: =B27-C27 | E27: =E26+C27*'Planner'!B8-'Planner'!B13 | F27: =IF(D27<='Planner'!B18,"At the reorder point","")
A28: 24 | B28: =D27 | C28: =MIN(B28,'Planner'!B9) | D28: =B28-C28 | E28: =E27+C28*'Planner'!B8-'Planner'!B13 | F28: =IF(D28<='Planner'!B18,"At the reorder point","")
A29: 25 | B29: =D28 | C29: =MIN(B29,'Planner'!B9) | D29: =B29-C29 | E29: =E28+C29*'Planner'!B8-'Planner'!B13 | F29: =IF(D29<='Planner'!B18,"At the reorder point","")
A30: 26 | B30: =D29 | C30: =MIN(B30,'Planner'!B9) | D30: =B30-C30 | E30: =E29+C30*'Planner'!B8-'Planner'!B13 | F30: =IF(D30<='Planner'!B18,"At the reorder point","")
